Map: Green Acres

Players

A.I. 2 (Harder)

  • Race: Zerg Zerg
  • Spawn Location: 7:00

wasp - Winner!

  • Race: Protoss Protoss
  • Spawn Location: 1:00

larsgj - Winner!

  • Race: Terran Terran
  • Spawn Location: 12:00

VOD

Have the link to the VOD?

Description

Time

  • Played on: July 11, 2022, 5:29 a.m.
  • Length: 26:52
Show
View Real Time Build Order
Export as new Build Order

A.I. 2 (Harder) Zerg 

Build Orders: 1 Base Baneling Bust, Pool First 

Get SALT Encoding   

  12  0:00  Drone  
  13  0:12  Overlord  
  13  0:17  Drone  
  14  0:30  Drone x2  
  16  0:44  Spawning Pool  
  16  0:45  Drone  
  16  0:49  Drone  
  17  0:53  Extractor  
  17  0:55  Drone  
  17  1:05  Overlord  
  17  1:31  Zergling x2  
  18  1:34  Queen  
  18  1:37  Zergling x2  
  18  1:38  Drone, Roach Warren  
  18  1:39  Extractor  
  20  1:49  Drone  
  21  1:59  Drone  
  22  2:10  Lair  
  22  2:13  Drone  
  23  2:27  Drone  
  24  2:35  Overlord  
  24  2:41  Zergling x2  
  25  2:47  Zergling x2  
  26  3:09  Drone, Infestation Pit  
  26  3:14  Zergling x2  
  26  3:18  Overlord  
  27  3:21  Zergling x2  
  28  3:29  Hydralisk Den  
  28  3:31  Drone  
  28  3:43  Zergling x2  
  29  3:49  Infestor  
  31  3:55  Infestor  
  31  4:00  Metabolic Boost  
  31  4:02  Hydralisk  
  35  4:09  Drone  
  36  4:14  Drone  
  37  4:17  Drone  
  37  4:20  Drone  
  39  4:24  Overlord, Drone  
  39  4:29  Infestor  
  42  4:40  Zergling x2  
  42  4:48  Drone  
  42  4:51  Drone, Evolution Chamber  
  43  4:55  Infestor  
  45  5:04  Hydralisk  
  47  5:17  Baneling Nest  
  47  5:18  Drone  
  47  5:52  Overlord  
  47  5:53  Roach  
  49  6:00  Roach  
  51  6:04  Hatchery  
  51  6:06  Zerg Melee Weapons Level 1  
  51  6:08  Hydralisk  
  52  6:20  Roach, Ravager  
  50  6:28  Zergling x2  
  49  6:36  Hydralisk  
  47  6:44  Hydralisk  
  47  7:04  Spore Crawler  
  46  7:09  Spore Crawler  
  46  7:10  Drone  
  46  7:16  Drone x2  
  46  7:17  Drone x4  
  52  7:26  Drone  
  52  7:27  Drone x3  
  52  7:28  Drone  
  57  7:30  Extractor  
  57  7:33  Extractor  
  57  7:35  Burrow  
  55  7:37  Drone  
  55  7:39  Drone  
  57  7:48  Drone  
  57  7:50  Drone  
  59  7:58  Overlord, Ravager  
  60  7:59  Roach, Drone x2  
  60  8:00  Zerg Missile Weapons Level 1  
  60  8:02  Drone  
  65  8:10  Roach  
  67  8:16  Drone  
  67  8:18  Ravager  
  67  8:19  Overlord  
  69  8:23  Drone  
  70  8:29  Overseer  
  70  8:30  Roach, Drone  
  70  8:32  Drone, Spine Crawler  
  73  8:34  Overseer  
  73  8:37  Hydralisk  
  73  8:38  Drone  
  73  8:41  Overlord  
  76  8:46  Drone  
  77  8:49  Spine Crawler  
  77  8:52  Drone, Spore Crawler  
  76  8:56  Drone  
  76  8:57  Spore Crawler  
  76  9:01  Hydralisk  
  76  9:02  Overlord, Drone  
  79  9:03  Drone  
  79  9:08  Queen  
  79  9:09  Hydralisk  
  84  9:14  Queen  
  86  9:17  Roach  
  86  9:21  Spine Crawler  
  86  9:22  Spine Crawler  
  86  9:24  Drone  
  87  9:25  Drone  
  88  9:35  Spire  
  88  9:37  Drone, Evolution Chamber  
  87  9:39  Drone  
  88  9:50  Hive  
  88  9:55  Zerg Ground Armor Level 1  
  88  9:57  Hatchery  
  87  10:16  Overlord  
  87  10:20  Zergling x2  
  73  10:33  Pneumatized Carapace  
  68  11:04  Ultralisk Cavern  
  68  11:07  Overseer  
  67  11:14  Extractor  
  67  11:17  Extractor  
  65  11:20  Drone  
  65  11:21  Drone  
  65  11:23  Drone  
  65  11:25  Drone  
  69  11:26  Drone  
  69  11:27  Hydralisk  
  69  11:28  Drone  
  69  11:31  Overlord  
  73  11:33  Drone  
  73  11:35  Drone  
  73  11:37  Drone  
  73  11:39  Drone  
  77  11:41  Drone  
  77  11:42  Drone  
  77  11:45  Drone  
  80  11:47  Drone  
  80  11:49  Drone  
  80  11:51  Drone, Ultralisk  
  89  11:54  Overlord  
  89  11:56  Drone  
  89  11:58  Drone  
  89  12:00  Ultralisk  
  97  12:03  Zerg Melee Weapons Level 2  
  103  12:08  Ultralisk  
  103  12:10  Zerg Ground Armor Level 2  
  103  12:13  Overlord  
  103  12:17  Ultralisk  
  103  12:21  Pathogen Glands  
  109  12:24  Zerg Flyer Weapons Level 1  
  109  12:25  Ultralisk  
  115  12:32  Spore Crawler  
  115  12:33  Drone  
  115  12:34  Spore Crawler  
  115  12:36  Drone  
  115  12:39  Queen  
  117  12:59  Spine Crawler  
  117  13:00  Drone  
  117  13:01  Spine Crawler  
  117  13:02  Drone  
  117  13:45  Overlord, Mutalisk  
  119  13:48  Mutalisk  
  119  13:52  Mutalisk  
  123  13:55  Mutalisk  
  123  13:59  Corruptor  
  127  14:03  Overlord, Mutalisk, Viper  
  127  14:06  Mutalisk  
  127  14:07  Overseer  
  134  14:10  Mutalisk  
  134  14:12  Overlord  
  134  14:13  Overseer  
  136  14:18  Overlord  
  136  14:19  Greater Spire, Zerg Missile Weapons Level 2  
  136  14:22  Overlord  
  136  14:29  Overlord  
  136  14:34  Hatchery  
  135  14:40  Mutalisk  
  137  14:47  Overlord, Mutalisk  
  139  14:57  Overseer  
  139  15:05  Overlord, Mutalisk  
  141  15:07  Overseer  
  141  15:23  Overlord, Corruptor  
  141  15:26  Mutalisk  
  145  15:33  Overlord, Overseer  
  145  15:45  Mutalisk  
  145  15:48  Zerg Flyer Armor Level 1, Mutalisk  
  149  15:51  Overlord  
  149  15:52  Mutalisk  
  149  15:56  Mutalisk  
  153  15:59  Extractor, Mutalisk  
  153  16:03  Corruptor  
  153  16:04  Spore Crawler  
  155  16:06  Corruptor  
  155  16:09  Overlord, Queen, Viper  
  155  16:10  Drone x3, Corruptor  
  167  16:15  Spore Crawler  
  167  16:16  Drone  
  167  16:18  Extractor, Drone  
  167  16:27  Overlord  
  167  16:41  Drone, Spine Crawler  
  167  16:42  Spine Crawler  
  167  16:43  Drone  
  167  16:46  Overlord  
  167  16:57  Mutalisk  
  167  17:12  Overlord  
  167  17:13  Roach  
  167  17:15  Roach  
  171  17:17  Roach  
  171  17:19  Roach  
  171  17:21  Roach  
  177  17:24  Roach  
  177  17:27  Infestor  
  177  17:29  Infestor  
  175  17:32  Roach  
  175  17:34  Roach  
  161  17:41  Roach  
  161  17:42  Zerg Flyer Weapons Level 2  
  161  17:44  Roach  
  159  17:46  Roach  
  159  17:48  Roach  
  159  17:50  Roach  
  165  17:52  Roach  
  165  17:54  Hydralisk  
  165  17:56  Hydralisk  
  171  18:01  Overlord, Overseer  
  171  18:07  Infestor  
  171  18:09  Infestor  
  171  18:12  Infestor  
  177  18:17  Glial Reconstitution  
  177  18:26  Neural Parasite  
  177  18:35  Zerg Melee Weapons Level 3  
  177  18:39  Zerg Ground Armor Level 3  
  177  19:01  Chitinous Plating  
  177  19:10  Overlord, Overseer  
  177  19:34  Hatchery  
  177  19:36  Drone, Tunneling Claws  
  177  19:58  Zerg Flyer Armor Level 2  
  177  20:09  Spire  
  164  20:47  Drone, Queen  
  164  20:49  Corruptor  
  167  20:54  Overlord  
  167  20:55  Corruptor, Overseer  
  167  20:59  Extractor  
  167  21:03  Spore Crawler  
  165  21:06  Spore Crawler  
  165  21:07  Overseer  
  165  21:08  Extractor  
  163  21:13  Overlord  
  163  21:28  Corruptor, Brood Lord x2  
  163  21:30  Spine Crawler  
  163  21:32  Overlord, Spine Crawler  
  167  21:33  Overseer  
  167  21:34  Corruptor  
  169  21:51  Overlord  
  169  22:00  Overseer  
  169  22:07  Brood Lord  
  171  22:09  Overlord, Corruptor  
  171  22:15  Brood Lord  
  175  22:23  Corruptor  
  175  22:27  Overlord  
  175  22:28  Drone, Corruptor  
  175  22:29  Drone x2  
  180  22:30  Drone  
  180  22:34  Corruptor  
  180  22:36  Drone  
  180  22:37  Drone x2, Spawning Pool  
  180  22:38  Drone  
  180  22:42  Corruptor  
  158  22:44  Evolution Chamber  
  158  22:45  Drone  
  158  22:47  Hydralisk x3, Mutalisk  
  158  22:48  Hydralisk  
  158  22:50  Hydralisk  
  148  22:53  Hydralisk  
  148  22:57  Roach, Hatchery  
  147  22:59  Drone  
  146  23:06  Roach  
  146  23:07  Roach  
  146  23:08  Mutalisk  
  148  23:13  Mutalisk x2  
  148  23:14  Overlord  
  148  23:17  Roach  
  146  23:23  Evolution Chamber  
  146  23:24  Queen, Zergling x2  
  146  23:25  Drone, Zergling x6  
  146  23:26  Zergling x4  
  154  23:28  Drone, Roach Warren, Lair  
  154  23:39  Evolution Chamber  
  154  23:41  Drone  
  136  23:45  Spawning Pool  
  136  23:46  Drone  
  120  23:55  Drone  
  103  24:01  Drone  
  103  24:02  Drone  
  99  24:07  Drone, Spawning Pool  
  99  24:08  Roach  
  93  24:11  Roach, Drone  
  93  24:13  Roach  
  93  24:15  Roach  
  90  24:18  Roach, Drone x3, Evolution Chamber  
  90  24:19  Drone  
  90  24:21  Drone  
  90  24:22  Ultralisk  
  91  24:28  Overlord  
  91  24:29  Spire  
  91  24:30  Overseer  
  91  24:31  Drone  
  88  24:34  Drone, Evolution Chamber  
  88  24:35  Spawning Pool  
  88  24:37  Drone  
  88  24:43  Infestation Pit  
  88  24:44  Overseer  
  87  24:46  Drone x2, Infestation Pit, Overlord  
  86  24:58  Drone x3  
  86  24:59  Drone x2  
  78  25:00  Drone x3  
  78  25:01  Drone x2  
  78  25:02  Drone  
  78  25:04  Drone  
  78  25:05  Drone x3  
  78  25:06  Drone x2  
  78  25:07  Drone x4  
  67  25:08  Drone  
  67  25:09  Drone x2  
  67  25:13  Drone  
  56  25:14  Hatchery, Drone  
  56  25:19  Drone  
  48  25:23  Overlord  
  48  25:24  Infestor, Overseer  
  52  25:34  Zergling x2  
  50  25:38  Overlord  
  34  25:56  Drone  
  9  26:07  Hatchery  
Show
View Real Time Build Order
Export as new Build Order

wasp Protoss - Winner!

Build Orders:  

Get SALT Encoding   

  12  0:12  Probe  
  13  0:25  Probe  
  14  0:37  Probe  
  15  0:47  Pylon  
  15  0:51  Pylon  
  15  0:58  Pylon  
  15  1:01  Assimilator  
  15  1:05  Probe  
  15  1:07  Assimilator  
  16  1:16  Gateway  
  16  1:23  Gateway  
  16  1:33  Forge  
  16  1:47  Pylon  
  16  1:58  Pylon  
  16  2:03  Pylon  
  16  2:05  Zealot  
  18  2:14  Zealot  
  20  2:32  Zealot  
  22  2:41  Photon Cannon  
  22  2:52  Photon Cannon  
  22  2:56  Photon Cannon  
  22  2:59  Zealot, Photon Cannon  
  24  3:13  Photon Cannon  
  24  3:25  Photon Cannon  
  24  3:26  Zealot  
  26  3:33  Zealot  
  28  4:15  Nexus  
  28  4:24  Pylon  
  28  4:29  Pylon  
  28  4:36  Pylon  
  28  4:50  Photon Cannon  
  28  4:54  Photon Cannon  
  28  4:59  Photon Cannon  
  28  5:10  Photon Cannon  
  28  5:13  Probe  
  29  5:25  Probe  
  31  5:28  Probe  
  31  5:40  Probe  
  32  5:52  Probe  
  33  6:04  Probe  
  34  6:11  Photon Cannon  
  34  6:16  Photon Cannon  
  34  6:17  Probe  
  35  6:20  Photon Cannon  
  35  6:23  Photon Cannon  
  35  6:29  Probe  
  36  6:41  Probe  
  37  7:01  Photon Cannon  
  37  7:19  Gateway  
  37  7:24  Cybernetics Core  
  37  7:31  Photon Cannon  
  37  7:34  Photon Cannon  
  37  7:37  Photon Cannon  
  37  7:39  Assimilator  
  37  7:43  Photon Cannon  
  37  7:49  Photon Cannon  
  37  7:55  Assimilator  
  37  8:14  Photon Cannon  
  37  9:04  Probe  
  38  9:16  Probe  
  39  9:28  Probe  
  40  9:32  Protoss Ground Weapons Level 1  
  40  9:40  Probe  
  40  9:41  Warp Gate  
  41  9:47  Stalker  
  41  9:52  Probe  
  44  10:07  Pylon  
  44  10:12  Pylon  
  44  10:17  Adept  
  32  10:47  Zealot  
  34  11:03  Photon Cannon  
  34  11:07  Photon Cannon  
  34  11:11  Photon Cannon  
  34  11:14  Photon Cannon  
  34  11:17  Photon Cannon  
  34  11:24  Photon Cannon  
  34  11:26  Photon Cannon  
  34  11:30  Photon Cannon  
  34  11:39  Photon Cannon x2  
  34  11:41  Protoss Ground Armor Level 1  
  34  11:44  Photon Cannon  
  34  11:52  Photon Cannon  
  34  11:54  Photon Cannon  
  34  11:58  Photon Cannon  
  34  12:05  Photon Cannon  
  34  12:09  Photon Cannon  
  34  12:13  Photon Cannon  
  34  12:44  Photon Cannon  
  34  12:47  Photon Cannon  
  34  12:49  Photon Cannon  
  34  12:54  Photon Cannon  
  34  12:58  Photon Cannon x2  
  34  13:00  Photon Cannon  
  34  13:02  Photon Cannon  
  34  13:04  Photon Cannon  
  34  13:26  Sentry  
  36  13:34  Zealot  
  38  13:39  Zealot  
  40  13:49  Protoss Shields Level 1  
  40  14:03  Stargate  
  40  15:04  Phoenix  
  42  15:14  Fleet Beacon  
  42  15:28  Adept  
  44  15:29  Phoenix  
  44  15:30  Shield Battery  
  44  15:31  Adept  
  48  15:54  Phoenix  
  50  16:19  Phoenix  
  50  16:20  Sentry  
  50  16:22  Sentry  
  58  16:51  Tempest  
  43  17:55  Carrier  
  43  18:38  Stargate  
  43  18:43  Stargate  
  43  19:40  Carrier x2  
  43  19:41  Carrier  
  56  21:01  Carrier x2  
  68  22:12  Carrier  
  74  22:16  Carrier  
  42  24:13  Tempest x3  
  57  24:56  Tempest x2  
  57  24:57  Carrier  
Show
View Real Time Build Order
Export as new Build Order

larsgj Terran - Winner!

Build Orders:  

Get SALT Encoding   

  12  0:03  SCV  
  13  0:15  SCV  
  14  0:26  Supply Depot  
  14  0:27  SCV  
  15  0:48  SCV  
  16  0:51  Barracks  
  16  0:58  Supply Depot  
  16  1:14  Engineering Bay  
  16  1:19  SCV  
  16  1:25  Refinery  
  17  1:31  SCV  
  18  1:35  Refinery  
  18  1:43  SCV  
  18  1:45  Marine  
  20  1:56  SCV  
  21  2:03  Marine  
  22  2:22  Terran Infantry Weapons Level 1  
  22  2:23  Marine  
  23  2:32  SCV  
  23  2:33  Barracks  
  24  2:55  Missile Turret  
  24  2:59  Command Center  
  24  3:14  Marine, Bunker  
  25  3:21  Orbital Command  
  25  3:47  Barracks Tech Lab  
  25  3:50  Barracks Reactor  
  25  4:01  Supply Depot  
  25  4:16  Neosteel Armor  
  25  4:29  Supply Depot  
  25  4:33  Combat Shield  
  25  4:48  Missile Turret  
  25  4:58  Marine  
  25  4:59  Marine  
  27  5:09  Missile Turret  
  27  5:15  SCV  
  28  5:27  SCV  
  29  5:29  Missile Turret  
  29  5:51  Missile Turret  
  29  5:52  Stimpack  
  29  5:53  SCV  
  29  5:56  Terran Infantry Armor Level 1  
  30  6:01  Factory  
  30  6:05  SCV  
  31  6:11  Supply Depot  
  31  6:12  Missile Turret  
  31  6:17  SCV  
  32  6:29  Marine x3, SCV  
  36  6:34  Supply Depot  
  36  6:41  SCV  
  36  6:46  Marine  
  37  6:47  Marine x2  
  40  6:57  Supply Depot  
  40  7:03  Starport  
  40  7:04  Marine x2  
  42  7:17  Missile Turret  
  42  7:38  Missile Turret  
  42  7:43  Medivac  
  44  7:50  Hi-Sec Auto Tracking  
  44  7:53  Armory  
  44  7:55  Supply Depot  
  44  7:56  Marine  
  44  7:57  Marine  
  46  8:00  Missile Turret  
  46  8:06  SCV  
  47  8:15  Refinery  
  47  8:18  SCV  
  48  8:21  Missile Turret  
  48  8:24  Refinery  
  48  8:30  SCV  
  49  8:41  Missile Turret, Supply Depot  
  49  8:42  SCV  
  50  8:54  SCV  
  51  8:57  Terran Ship Weapons Level 1  
  51  9:03  Medivac, Missile Turret, Supply Depot  
  51  9:04  Starport  
  53  9:19  Fusion Core  
  53  9:26  Supply Depot  
  53  10:00  Marine x3  
  56  10:14  Medivac  
  58  10:16  Starport Tech Lab  
  58  10:18  Marine x3  
  58  10:19  Weapon Refit  
  61  10:36  Marine x3  
  64  10:43  Battlecruiser  
  64  10:48  Starport Tech Lab  
  70  10:51  Terran Vehicle And Ship Armor Level 1  
  70  10:53  Marine  
  70  10:54  Marine x2  
  70  10:56  Orbital Command  
  73  11:12  Marine  
  74  11:34  Battlecruiser  
  80  11:52  Supply Depot  
  80  11:58  Battlecruiser  
  86  12:19  Command Center  
  86  12:40  Battlecruiser  
  92  12:45  Terran Ship Weapons Level 2  
  92  13:21  Battlecruiser  
  98  13:46  Battlecruiser  
  104  14:25  Battlecruiser  
  110  14:45  Rapid Reignition System  
  110  14:50  Battlecruiser  
  116  15:00  Terran Vehicle And Ship Armor Level 2  
  116  15:07  SCV  
  117  15:19  SCV  
  118  15:21  Supply Depot  
  118  15:31  SCV  
  119  15:44  SCV, Supply Depot  
  120  15:55  Refinery  
  120  15:56  SCV  
  121  16:00  Refinery  
  121  16:07  Battlecruiser, Supply Depot  
  121  16:08  SCV  
  128  16:20  SCV  
  129  16:29  Supply Depot  
  129  16:32  SCV  
  130  16:44  SCV  
  130  16:45  Battlecruiser  
  137  16:51  Supply Depot  
  137  17:11  Battlecruiser  
  149  18:15  Battlecruiser  
  149  18:17  Battlecruiser  
  155  18:31  Orbital Command  
  155  18:54  Terran Vehicle And Ship Armor Level 3  
  155  19:02  Missile Turret  
  155  19:07  Missile Turret  
  155  19:20  Battlecruiser  
  155  19:21  Battlecruiser, Missile Turret  
  167  19:48  Missile Turret  
  167  19:52  Missile Turret  
  167  19:56  Missile Turret  
  167  20:13  Missile Turret  
  167  20:24  Battlecruiser  
  167  20:26  Battlecruiser  
  177  21:31  Terran Ship Weapons Level 3  
  177  23:46  Battlecruiser  
Tags
 
Add a new tag
Caveats
  • Supply blocks, unpowered buildings, or Contaminate may cause inaccurate times.
  • Supply counts are checked every 10 seconds.